 Dungeon Crawl Stone Soup version 0.31.0-9-g3a7656b989 (webtiles) character file.

Game seed: 3070113901895260416

47 qw the Shooter (level 3, -3/20 HPs)
             Began as a Deep Elf Hunter on Feb 2, 2024.
             Killed from afar by Sigmund (4 damage)
             ... with a magic dart
             ... on level 2 of the Dungeon.
             The game lasted 00:00:03 (887 turns).

qw the Shooter (Deep Elf Hunter)                     Turns: 887, Time: 00:00:04

Health: -3/20      AC:  5    Str: 16    XL:     3   Next: 48%
Magic:  5/5        EV: 11    Int: 13    God:
Gold:   81         SH:  0    Dex: 18    Spells: 2/2 levels left

rFire   . . .        a - +0 shortbow
rCold   . . .        (shield currently unavailable)
rNeg    . . .        d - +0 ring mail
rPois   .            (no helmet)
rElec   .            (no cloak)
rCorr   .            (no gloves)
SInv    .            (no boots)
Will    .....        (no amulet)
Stlth   +            i - +6 ring of strength
HPRegen 0.23/turn    (no ring)
MPRegen 0.09/turn

%: no passive effects
@: lethally poisoned (-3 -> -7)
A: no striking features
a: no special abilities


You were on level 2 of the Dungeon.
You visited 1 branch of the dungeon, and saw 2 of its levels.

You collected 81 gold pieces.


   Skills:
 - Level 1.5 Fighting
 + Level 7.0 Ranged Weapons
 - Level 2.4 Dodging
 - Level 1.2 Stealth


You had 2 spell levels left.
You didn't know any spells.
Your spell library was empty.

Inventory:

Hand Weapons
 a - a +0 shortbow (weapon)
Armour
 d - a +0 ring mail (worn)
Jewellery
 i - a +6 ring of strength (left hand)
Potions
 b - a potion of curing {unknown}
 c - a potion of brilliance {unknown}
 f - a potion of mutation
 g - a potion of heal wounds {unknown}

Dungeon Overview and Level Annotations

Branches:
Dungeon (2/15)

Altars:

Annotations:
D:2 Sigmund


Message History

Sigmund the Dreaded comes into view.
He is wielding a +1 scythe of venom.
You shoot an arrow. The arrow hits Sigmund.
Sigmund is lightly wounded.
Sigmund casts a spell at you. The puff of flame hits you.
875 ||| FLEEEEING.
876 ||| FLEEEEING.
You start resting.
Sigmund is nearby!
You shoot an arrow.
The arrow hits Sigmund but does no damage.
Sigmund is lightly wounded.
You shoot an arrow. The arrow hits Sigmund.
Sigmund is moderately wounded.
You shoot an arrow. The arrow barely misses Sigmund.
You shoot an arrow.
The arrow hits Sigmund but does no damage.
Sigmund is moderately wounded.
Sigmund hits you from afar with a +1 scythe of venom.
You shoot an arrow. The arrow closely misses Sigmund.
Sigmund completely misses you.
You shoot an arrow. The arrow hits Sigmund!
Sigmund is heavily wounded.
Sigmund hits you from afar with a +1 scythe of venom.
You are lethally poisoned!
You shoot an arrow. The arrow barely misses Sigmund.
You feel very sick.
You shoot an arrow. The arrow barely misses Sigmund.
You feel very sick. Sigmund barely misses you.
You shoot an arrow. The arrow hits Sigmund!
Sigmund is severely wounded.
You feel sick.
Sigmund hits you from afar with a +1 scythe of venom.
You shoot an arrow. The arrow barely misses Sigmund.
You feel sick. Sigmund gestures at you while chanting. The magic dart hits you.
You die...
Sigmund begins carving another notch in his scythe.

.# #...7....7(.P#.77P777#.#
## #.P77P..PP...#.#.#..
##..77P#####.#.#.#....
#..7..## #.#.#.#.....#
#.P....# #.#.#.#.....#
#..#...# #.#.#.#.#+#.#
#.##77.7 #.#.#<#.# .#
######.# 77.7###.#.###.#.#.
.......777P.P...@..........
......77P7..7......[.....#.
####..7P...P7#.@.........#
.........PP77#.#.#.#....##
######777777 #.#.#.#....#
#.#.#.#..### #######
#.#.#.##.# ....... #@#.#.#
.. ####### #.#.#


You could see Sigmund.

Vanquished Creatures
  An adder (D:2)
  A ribbon worm (D:2)
  An endoplasm (D:1)
  A giant cockroach (D:1)
  7 goblins
  3 hobgoblins (D:1)
  2 jackals (D:1)
  5 kobolds
  A quokka (D:1)
  5 ball pythons
  A bat (D:1)
  3 frilled lizards (D:1)
  3 rats (D:1)
34 creatures vanquished.

Notes
Turn   | Place    | Note
-------+----------+-------------------------------------------
     0 | D:1      | qw the Deep Elf Hunter began the quest for the Orb.
     0 | D:1      | Reached XP level 1. HP: 12/12 MP: 3/3
     0 | D:1      | 0 ||| qw: Version: 0.3-a-155-g5e7d8dd
     0 | D:1      | 0 ||| qw: Game counter: 2235
     0 | D:1      | 0 ||| qw: Melee chars always use a shield: true
     0 | D:1      | 0 ||| qw: God list: Okawaru
     0 | D:1      | 0 ||| qw: Allow faded altars: false
     0 | D:1      | 0 ||| qw: Do Orc after clearing Dungeon:15 true
     0 | D:1      | 0 ||| qw: Do second Lair branch before Depths: true
     0 | D:1      | 0 ||| qw: Lair rune preference: random
     0 | D:1      | 0 ||| qw: Goals: Normal
     0 | D:1      | 0 ||| PLANNING D:1-11
    90 | D:1      | Reached skill level 6 in Ranged Weapons
    90 | D:1      | Reached XP level 2. HP: 16/16 MP: 4/4
   389 | D:1      | Reached XP level 3. HP: 20/20 MP: 5/5
   502 | D:1      | 502 ||| UPGRADING to +0 ring mail.
   512 | D:1      | 512 ||| DROPPING +0 leather armour.
   513 | D:1      | 513 ||| UPGRADING to +6 ring of strength.
   514 | D:1      | 514 ||| READING 3 scrolls labelled QAMNEOTESA.
   515 | D:1      | 515 ||| READING scroll labelled ULODWI HIUROR.
   516 | D:1      | 516 ||| READING scroll labelled HIM JUINUOXUPT.
   516 | D:1      | 516 ||| IDENTIFYING murky orange potion
   517 | D:1      | 517 ||| DROPPING scroll of butterflies.
   518 | D:1      | 518 ||| DROPPING 2 scrolls of blinking.
   629 | D:2      | Reached skill level 7 in Ranged Weapons
   873 | D:2      | Noticed Sigmund
   875 | D:2      | 875 ||| FLEEEEING.
   876 | D:2      | 876 ||| FLEEEEING.
   885 | D:2      | HP: 5/20 [poisoned by Sigmund]
   887 | D:2      | HP: 1/20 [poisoned by Sigmund]
   887 | D:2      | Killed from afar by Sigmund

Levels and vault maps discovered:
D:1:      shiori_arrival_maze, layout_rooms
D:2:      layout_basic, serial_forest, infiniplex_forest_lined_ring,
          infiniplex_forest_pool, infiniplex_forest_corner_1,
          infiniplex_forest_clump_double, infiniplex_forest_corner_2,
          infiniplex_forest_corner_2, uniq_sigmund

Skill      XL: |  1  2  3 |
---------------+----------+-----
Ranged Weapons | 6 7 |  7.0
Fighting       | |  1.5
Dodging        | |  2.4
Stealth        | |  1.2

Action                     || total
---------------------------++-------
   Fire: Shortbow          ||    90
    Use: Scroll            ||     3
 Armour: Leather armour    ||     9
         Ring mail         ||     6
  Dodge: Dodged            ||    14

Table legend:
 A = Non-vault XP
 B = Vault XP
 C = Vault XP percentage of total XP
 D = Non-vault monster count
 E = Vault monster count
 F = Vault count percentage of total count
                 A         B        C        D         E       F
            +---------+---------+-------+---------+---------+-------
      Total |      65 |       3 |   4.4 |      32 |       2 |   5.9
            +---------+---------+-------+---------+---------+-------
        D:1 |      42 |       3 |   6.7 |      27 |       2 |   6.9
        D:2 |      23 |       0 |   0.0 |       5 |       0 |   0.0
            +---------+---------+-------+---------+---------+-------
